 Dungeon Crawl Stone Soup version 0.23-a0-650-ga4d50d4d25 (webtiles) character file.

104 Flugkiller the Gusty (level 4, -2/27 HPs)
             Began as an Octopode Air Elementalist on Jan 7, 2019.
             Slain by Natasha (4 damage)
             ... on level 2 of the Dungeon.
             The game lasted 00:08:45 (2692 turns).

Flugkiller the Gusty (Octopode Air Elementalist)    Turns: 2692, Time: 00:08:46

Health: -2/27      AC:  8    Str:  7    XL:     4   Next: 80%
Magic:  7/8        EV: 13    Int: 18    God:
Gold:   46         SH:  0    Dex: 12    Spells: 3/9 levels left

rFire    . . .     SeeInvis .   g - +1 dagger (protect)
rCold    . . .     Gourm    .   (no shield)
rNeg     . . .     Faith    .   (helmet restricted)
rPois    .         Spirit   .   (no amulet)
rElec    .         Reflect  .   (no ring)
rCorr    .         Harm     .   (no ring)
MR       .....                  (no ring)
Stlth    +++.......             (no ring)
HPRegen  0.09/turn              (no ring)
MPRegen  0.11/turn              (no ring)
                                (no ring)
                                (no ring)

@: protection aura, slowed, very slow
A: almost no armour, stealthy swim, amphibious, 8 rings, constrict 8, camouflage
1, gelatinous body 1
a: no special abilities


You were on level 2 of the Dungeon.
You were not hungry.

You visited 1 branch of the dungeon, and saw 2 of its levels.

You collected 46 gold pieces.

Inventory:

Hand Weapons
 g - a +1 dagger of protection (weapon)
   (You took it off a goblin on level 1 of the Dungeon)
Missiles
 f - 7 stones (quivered)
Jewellery
 c - an uncursed ring of ice {unknown}
   (You found it on level 1 of the Dungeon)
 h - a cursed ring of teleportation {unknown}
   (You found it on level 2 of the Dungeon)
Scrolls
 e - 2 scrolls of enchant weapon
 i - a scroll of identify {unknown}
 j - a scroll of fog
Potions
 d - a potion of ambrosia {unknown}
 k - a potion of agility
 l - a potion of flight {unknown}
Comestibles
 a - 8 chunks of flesh
 b - 2 rations


   Skills:
 - Level 2.0 Dodging
 - Level 2.6 Stealth
 + Level 3.0 Spellcasting
 + Level 2.5 Conjurations
 + Level 3.9 Air Magic


You had 3 spell levels left.
You knew the following spells:

 Your Spells              Type           Power        Failure   Level  Hunger
a - Shock                 Conj/Air       ##..         4%          1    None
b - Swiftness             Chrm/Air       #.......     11%         2    ##.....
c - Static Discharge      Conj/Air       ##......     13%         3    ###....

Your spell library contained the following spells:

 Spells                   Type           Power        Failure   Level  Hunger
 Airstrike                Air            ###.......   32%         4    ####...
 Lightning Bolt           Conj/Air       ##........   75%         5    ######.


Dungeon Overview and Level Annotations

Branches:
Dungeon (2/15)

Altars:
Ashenzari

Annotations:
D:2 Natasha, Sigmund


Innate Abilities, Weirdness & Mutations

You cannot wear most types of armour.
You are very stealthy in the water. (Stealth+)
You are amphibious.
You can wear up to eight rings at the same time.
You can use your tentacles to constrict eight enemies at once.
Your skin changes colour to match your surroundings (Stealth+).
Your rubbery body absorbs attacks. (AC +1, EV +1)


Message History

You butcher the frilled lizard corpse.
a - 8 chunks of flesh (gained 1)
You see here a frilled lizard skeleton.
Natasha, Servant of Life and Death comes into view.
Natasha casts a spell at you.
You feel yourself slow down.
Natasha stares at you and mumbles some strange words.
The magic dart hits you!
Natasha drinks a potion.
Natasha suddenly seems more agile.
You aren't carrying any items that you can evoke.
Unknown command.
As you read the scroll labeled LECHERE TAPS, it crumbles to dust.
It is a scroll of enchant weapon.
Your +0 dagger of protection glows red for a moment.
Natasha closely misses you.
Unknown command.
You hit Natasha but do no damage.
Your weapon exudes an aura of protection.
Your grab misses Natasha. Natasha misses you. Natasha barely misses you.
Unknown command.
You miss Natasha. Your grab misses Natasha.
Natasha casts a spell.
Unknown command.
You hit Natasha. Your grab misses Natasha. Your squeeze misses Natasha.
Natasha is moderately wounded.
Natasha misses you. Natasha claws you!
* * * LOW HITPOINT WARNING * * *
You hit Natasha. Your grab misses Natasha. Your squeeze misses Natasha.
Natasha is heavily wounded.
The white imp gestures at you. The puff of frost hits you!
* * * LOW HITPOINT WARNING * * *
Natasha casts a spell at you. The magic dart hits you!
* * * LOW HITPOINT WARNING * * *
The white imp gestures at you. The puff of frost misses you.
Casting: Shock (safe; 4% risk of failure)
Confirm with . or Enter, or press ? or * to list all spells.
Aiming: Shock (safe; 4% risk of failure)
Press: ? - help, Shift-Dir - straight line, f - Natasha
Aim: Natasha (heavily wounded, unusually agile)
The zap hits Natasha.
Natasha is severely wounded.
Natasha misses you.
The white imp shouts, "Out, out, thou jarring onion-eyed crab-lanthorn!"
The white imp barely misses you.
Natasha hisses.
Natasha claws you.
You die...

##.####.## .. ..........
.. #(####.## #. ####.# #.
# #....# #. #.#.#### #.
#.#.#### ######'##### #
#..<...# .......h@..#
#.#......## .......5..รท#
#.#........ .?.........#
#.......... ...........#
#..........
#...........#####.........
#........[.........<......
#...........#####.........
........................).
#...........#####.........


You could see Natasha and a white imp.

Vanquished Creatures
  Natasha (D:2)
  2 adders (D:2)
  An ooze (D:2)
  7 bats
  5 giant cockroaches
  9 goblins
  9 hobgoblins
  2 jackals (D:1)
  6 kobolds
  2 quokkas (D:2)
  3 frilled lizards
  2 rats (D:1)
49 creatures vanquished.

Notes
Turn   | Place    | Note
-------+----------+-------------------------------------------
     0 | D:1      | Flugkiller the Octopode Air Elementalist began the quest
                  | for the Orb.
     0 | D:1      | Reached XP level 1. HP: 11/11 MP: 3/3
   409 | D:1      | Reached XP level 2. HP: 17/17 MP: 1/5
   564 | D:1      | Learned a level 2 spell: Swiftness
   929 | D:2      | Reached XP level 3. HP: 21/21 MP: 3/6
  1098 | D:2      | Found a shattered altar of Ashenzari.
  1207 | D:2      | Noticed Natasha
  1215 | D:2      | HP: 1/21 [poisoned by an adder]
  1252 | D:1      | how did I survive that
  1522 | D:2      | Noticed Sigmund
  1639 | D:1      | Reached XP level 4. HP: 27/27 MP: 1/8
  2146 | D:1      | Learned a level 3 spell: Static Discharge
  2180 | D:2      | Killed Natasha
  2682 | D:2      | Noticed Natasha
  2692 | D:2      | Slain by Natasha

Vault maps used:
D:1:      noname_arrival_rooms_in_the_neighbourhood
D:2:      evilmike_ruin_ashenzari, nicolae_gozag_seed_capital, uniq_sigmund,
          uniq_natasha

Skill      XL: |  1  2  3  4 |
---------------+-------------+-----
Conjurations   | 2 |  2.5
Spellcasting   | 3 |  3.0
Dodging        | |  2.0
Stealth        | |  2.6
Air Magic      | |  3.9

Action                   |  1- 3 |  4- 6 || total
-------------------------+-------+-------++-------
Melee: Dagger            |     7 |     4 ||    11
       Constrict         |     3 |       ||     3
 Cast: Shock             |    66 |    41 ||   107
       Static Discharge  |       |     1 ||     1
  Use: Scroll            |     4 |     1 ||     5
  Eat: Chunk             |     3 |     3 ||     6
Armor: Skin              |     5 |       ||     5
Dodge: Dodged            |    20 |    13 ||    33

Table legend:
 A = Non-vault XP
 B = Vault XP
 C = Vault XP percentage of total XP
 D = Non-vault monster count
 E = Vault monster count
 F = Vault count percentage of total count
                 A         B        C        D         E       F
            +---------+---------+-------+---------+---------+-------
      Total |     113 |      36 |  24.2 |      48 |       1 |   2.0
            +---------+---------+-------+---------+---------+-------
        D:1 |      50 |       0 |   0.0 |      29 |       0 |   0.0
        D:2 |      63 |      36 |  36.4 |      19 |       1 |   5.0
            +---------+---------+-------+---------+---------+-------
